 Dungeon Crawl Stone Soup version 0.28.0-49-g6dfe1f597d (webtiles) character file.

Game seed: 17251538623993601289

3260 issech the Cudgeller (level 9, -20/79 HPs)
             Began as a Troll Monk on May 11, 2022.
             Was a Believer of Hepliaklqana.
             Killed from afar by an acid dragon (29 damage)
             ... with a splash of acid
             ... on level 7 of the Dungeon.
             The game lasted 00:22:27 (5824 turns).

issech the Cudgeller (Troll Monk)                   Turns: 5824, Time: 00:22:29

Health: -20/79     AC: -7    Str: 21    XL:     9   Next: 68%
Magic:  8/8        EV: 12    Int:  9    God:    Hepliaklqana [**....]
Gold:   299        SH:  5    Dex: 16    Spells: 8/8 levels left

rFire   . . .      SeeInvis .   p - +8 whip of Qazlal {vorpal, *Corrode rPois Int+3}
rCold   . . .      Faith    .   (no shield)
rNeg    . . .      Spirit   .   b - +0 robe
rPois   +          Reflect  +   (helmet restricted)
rElec   .          Harm     .   N - +0 cloak
rCorr   .          Rampage  .   (gloves unavailable)
Will    .....                   (boots unavailable)
Stlth   ++........              x - amulet of reflection
HPRegen 1.03/turn               (no ring)
MPRegen 0.11/turn               (no ring)

@: corroded, studying Bows
A: reduced essence, large, unfitting armour, claws 3, regeneration 1, shaggy fur
1, tough skin 1
a: Renounce Religion, Recall Ancestor, Ancestor Identity


You were on level 7 of the Dungeon.
You worshipped Hepliaklqana.
Hepliaklqana was pleased with you.
You visited 2 branches of the dungeon, and saw 8 of its levels.

You collected 299 gold pieces.

Inventory:

Hand Weapons
 p - the +8 whip of Qazlal (weapon) {vorpal, *Corrode rPois Int+3}
   (You found it on level 2 of the Dungeon)

   It inflicts extra damage upon your enemies.
   Int:       It affects your intelligence (+3).
   rPois:     It protects you from poison.
   *Corrode:  It may corrode you when you take damage.
 r - a +0 dagger of holy wrath
 s - a +2 dagger of venom
 t - a +1 dagger of protection
 u - a +2 vampiric war axe
 G - a +0 morningstar
 H - a +0 shortbow
 K - a +0 giant club
 L - a +0 dagger of speed
Missiles
 c - 46 bolts
 d - 8 poisoned darts
 e - 190 stones (quivered)
 h - 191 arrows
 n - 26 sling bullets
 B - 3 silver boomerangs
Armour
 b - a +0 robe (worn)
 l - an orb of mayhem
 N - a +0 cloak (worn)
Magical Staves
 o - a staff of fire
Jewellery
 x - an amulet of reflection (around neck)
 P - a ring of fire
Wands
 y - a wand of acid (15)
 z - a wand of paralysis (11)
 A - a wand of iceblast (12)
Scrolls
 j - 3 scrolls of fog
 k - a scroll of enchant weapon
 m - 4 scrolls of teleportation
 q - 4 scrolls of fear
 w - a scroll of vulnerability
 C - a scroll of brand weapon {unknown}
 D - a scroll of amnesia {unknown}
 F - 4 scrolls of magic mapping {unknown}
 J - a scroll of enchant armour {unknown}
Potions
 a - a potion of lignification {unknown}
 f - 2 potions of degeneration {unknown}
 g - 3 potions of flight {unknown}
 i - 4 potions of curing
 v - a potion of magic {unknown}
 E - a potion of might {unknown}
 I - 2 potions of attraction {unknown}
 M - a potion of heal wounds {unknown}
 O - a potion of mutation {unknown}


   Skills:
 + Level 5.6 Fighting
 + Level 7.9 Maces & Flails
 + Level 2.5 Bows
 + Level 4.1 Throwing
 + Level 5.6 Dodging
 + Level 2.0 Stealth
 + Level 2.3 Shields


You had 8 spell levels left.
You didn't know any spells.
Your spell library contained the following spells:

 Spells                   Type           Power      Damage    Failure   Level
 Blink                    Tloc           0%         N/A       52%         2
 Corpse Rot               Necr/Air       0%         N/A       52%         2
 Poisonous Vapours        Pois/Air       0%         N/A       52%         2
 Sublimation of Blood     Necr           0%         N/A       52%         2
 Ozocubu's Armour         Ice            0%         N/A       77%         3
 Petrify                  Tmut/Erth      0%         N/A       99%         4
 Irradiate                Conj/Tmut      0%         3d13      100%        5
 Manifold Assault         Tloc           0%         N/A       100%        5
 Metabolic Englaciation   Hex/Ice        0%         N/A       100%        5
 Simulacrum               Ice/Necr       0%         N/A       100%        6
 Storm Form               Tmut/Air       0%         N/A       100%        7
 Chain Lightning          Conj/Air       0%         N/A       100%        9
 Fire Storm               Conj/Fire      0%         5d1       100%        9
 Shatter                  Erth           0%         3d5*      100%        9


Dungeon Overview and Level Annotations

Branches:
Dungeon (7/15)             Temple (1/1) D:7

Altars:
Ashenzari
Cheibriados
Dithmenos
Elyvilon
Fedhas
Gozag
Hepliaklqana
Kikubaaqudgha
Makhleb
Nemelex Xobeh
Okawaru
Qazlal
Ru
Sif Muna
Trog
Uskayaw
Wu Jian
Xom
Yredelemnul
Zin
The Shining One


Innate Abilities, Weirdness & Mutations

Your life essence is reduced to manifest your ancestor. (-10% HP)
You are too large for most types of armour.
You have claws for hands.
Your natural rate of healing is unusually fast.
You are covered in fur. (AC +1)
You have tough skin. (AC +1)


Message History

The centaur zombie kicks Busisiwe but does no damage.
You hear a shout!
You completely miss the acid dragon.
The acid dragon is almost dead.
An orc comes into view. It is wielding a +0 club.
The centaur zombie hits Busisiwe.
The centaur zombie kicks Busisiwe.
You hit the acid dragon but do no damage.
The acid dragon is almost dead.
The acid dragon bites you! The acid dragon claws you.
Busisiwe casts a spell at the centaur zombie.
The puff of frost hits the centaur zombie.
The centaur zombie resists.
You hit the acid dragon.
The acid dragon is almost dead.
The centaur zombie hits Busisiwe.
The centaur zombie kicks Busisiwe but does no damage.
The acid dragon closely misses you. You block the acid dragon's attack.
Busisiwe hits the centaur zombie with a +0 quarterstaff!
The centaur zombie is destroyed!
You barely miss the acid dragon.
The acid dragon is almost dead.
The acid dragon closely misses you. You block the acid dragon's attack.
Busisiwe hits the orc with a +0 quarterstaff!
The orc dies!
You hit the acid dragon but do no damage.
The acid dragon is almost dead.
You hit the acid dragon but do no damage.
The acid dragon is almost dead.
The water moccasin bites you.
Busisiwe misses the water moccasin.
The acid dragon bites you!
* * * LOW HITPOINT WARNING * * *
You block the acid dragon's attack.
A centaur skeleton comes into view.
You hit the acid dragon but do no damage.
The acid dragon is almost dead.
The water moccasin bites you!
* * * LOW HITPOINT WARNING * * *
The acid dragon spits acid at you. The splash of acid hits you!!
You die...

##.# #.#
#.# #.#
## #.##
... #..#
.o≈. ##.#
..≈≈≈
#R#..≈≈≈Z
#@S.≈≈≈≈≈
#.D(≈≈≈≈≈
#...≈≈≈≈≈
###..(≈≈≈
#.(≈≈≈
#..≈.
#... ###


You could see the friendly Busisiwe the battlemage, a water moccasin, an acid
dragon (catching breath, ally target), an orc and a centaur skeleton.

Vanquished Creatures
  Grinder (D:6)
  Sigmund (D:2)
  A wraith (D:6)
  A steam dragon (D:7)
  A vampire mosquito (D:5)
  3 water moccasins
  A black bear (D:6)
  A necrophage (D:6)
  3 ogres (D:6)
  A centaur (D:6)
  A phantom (D:6)
  3 bullfrogs
  A wyvern zombie (D:7)
  4 scorpions (D:5)
  A water moccasin skeleton (D:4)
  A howler monkey (D:5)
  5 hounds
  A jelly (D:5)
  A bullfrog zombie (D:6)
  A bullfrog skeleton (D:5)
  8 orc priests
  2 centaur skeletons
  Jessica (D:2)
  6 orc wizards
  2 iguanas (D:5)
  A hound skeleton (D:4)
  Robin (D:3)
  A howler monkey skeleton (D:4)
  5 adders
  5 gnolls
  An ufetubus (D:4)
  4 worms
  A dart slug (D:1)
  22 orcs
  2 ball pythons (D:3)
  7 bats
  5 endoplasms
  2 giant cockroaches
  12 goblins (D:3)
  6 hobgoblins
  10 kobolds
  2 quokkas
  4 frilled lizards
  3 rats
146 creatures vanquished.

Vanquished Creatures (collateral kills)
  A centaur zombie (D:7)
  An orc (D:7)
2 creatures vanquished.

Grand Total: 148 creatures vanquished

Notes
Turn   | Place    | Note
-------+----------+-------------------------------------------
     0 | D:1      | issech the Troll Monk began the quest for the Orb.
     0 | D:1      | Reached XP level 1. HP: 22/22 MP: 0/0
   106 | D:1      | Reached XP level 2. HP: 29/29 MP: 1/1
   712 | D:2      | Noticed Jessica
   719 | D:2      | Killed Jessica
   720 | D:2      | Reached skill level 3 in Maces & Flails
   720 | D:2      | Reached XP level 3. HP: 21/36 MP: 2/2
   765 | D:2      | Identified the +8 whip of Qazlal {vorpal, *Corrode rPois
                  | Int+3}
  1117 | D:2      | Noticed Sigmund
  1136 | D:2      | Killed Sigmund
  1137 | D:2      | Reached skill level 4 in Maces & Flails
  1137 | D:2      | Reached skill level 1 in Throwing
  1137 | D:2      | Reached XP level 4. HP: 31/45 MP: 3/3
  1137 | D:2      | Reached XP level 5. HP: 37/53 MP: 4/4
  1568 | D:3      | You fall into a shaft and drop 1 floor!
  1757 | D:3      | Noticed Robin
  1775 | D:3      | Killed Robin
  1794 | D:3      | Reached XP level 6. HP: 47/61 MP: 5/5
  2801 | D:4      | Reached XP level 7. HP: 68/68 MP: 6/6
  3075 | D:4      | Reached skill level 5 in Maces & Flails
  3251 | D:5      | Entered Level 5 of the Dungeon
  3393 | D:5      | Noticed a vampire mosquito
  3406 | D:5      | Killed a vampire mosquito
  3424 | D:5      | Reached XP level 8. HP: 28/78 MP: 7/7
  3484 | D:5      | Reached skill level 6 in Maces & Flails
  3708 | D:5      | Reached skill level 1 in Shields
  4329 | D:6      | Reached skill level 5 in Fighting
  4329 | D:6      | Reached skill level 5 in Dodging
  4472 | D:6      | Reached skill level 7 in Maces & Flails
  4472 | D:6      | Reached XP level 9. HP: 78/88 MP: 8/8
  4727 | D:6      | Reached skill level 1 in Bows
  4727 | D:6      | Noticed Grinder
  4793 | D:6      | Killed Grinder
  4980 | D:6      | Identified the +1 helmet of Qupsy {Dex+4}
  5248 | D:7      | Found a staircase to the Ecumenical Temple.
  5257 | Temple   | Entered the Ecumenical Temple
  5400 | Temple   | Became a worshipper of Hepliaklqana the Forgotten
  5400 | Temple   | Reached * piety under Hepliaklqana
  5400 | Temple   | Reached ** piety under Hepliaklqana
  5401 | Temple   | Remembered your ancestor Busisiwe as a battlemage
  5824 | D:7      | Killed from afar by an acid dragon

Illustrated notes

Levels and vault maps discovered:
D:1:      minmay_arrival_solitary_statue, layout_basic
D:2:      layout_basic, st_stairs_6, uniq_sigmund, uniq_jessica
D:3:      layout_basic, hex_large, nicolae_concentric_dashed_squares_wild,
          uniq_robin
D:4:      layout_loops_cross
D:5:      layout_basic, minmay_manual_monstrance
D:6:      layout_rooms, hangedman_decor_clover_reticule, hangedman_decor_lopped,
          st_stairs_4, amcnicky_mini_pool_small, minmay_misc_feat_encased,
          uniq_grinder
D:7:      wander_river, layout_loops_cross, temple_statues,
          nicolae_water_bricks, amcnicky_mini_pool_medium, uniq_pikel
Temple:   mainiacjoe_temple_trianglar_array

Skill      XL: |  1  2  3  4  5  6  7  8  9 |
---------------+----------------------------+-----
Maces & Flails | 3 4 5 7 |  7.9
Dodging        | 3 4 5 |  5.6
Fighting       | 3 4 5 |  5.6
Throwing       | 1 2 3 4 |  4.1
Shields        | 1 2 |  2.3
Bows           | 2 |  2.5
Stealth        | 2 |  2.0

Action                   |  1- 3 |  4- 6 |  7- 9 || total
-------------------------+-------+-------+-------++-------
Melee: Mace              |    48 |       |       ||    48
       Whip              |    12 |   106 |   246 ||   364
       Punch             |       |     1 |     3 ||     4
 Fire: Shortbow          |       |       |    24 ||    24
Throw: Dart              |     7 |     2 |       ||     9
       Stone             |     4 |    77 |    33 ||   114
Invok: Ancestor Life: Ba |       |       |     1 ||     1
  Use: Scroll            |       |       |     5 ||     5
 Stab: Sleeping          |       |     1 |       ||     1
Armor: Robe              |    10 |    29 |    33 ||    72
Dodge: Dodged            |    41 |    44 |    94 ||   179
Block: Other             |       |     2 |    62 ||    64
       Reflection        |       |       |     1 ||     1
